 Dungeon Crawl Stone Soup version 0.30-a0-793-g160f7cfddd (webtiles) character file.

Game seed: 10052570082856992266

3668 timneilson the Covered (level 10, -4/60 HPs)
             Began as a Gargoyle Fighter on Feb 19, 2023.
             Was a Priest of Okawaru.
             Killed from afar by Grum (19 damage)
             ... with a bolt of light
             ... on level 9 of the Dungeon.
             The game lasted 00:15:37 (6471 turns).

timneilson the Covered (Gargoyle Fighter)           Turns: 6471, Time: 00:15:38

Health: -4/60      AC: 37    Str: 19    XL:     10   Next: 12%
Magic:  13/14      EV:  8    Int: 10    God:    Okawaru [***...]
Gold:   406        SH:  7    Dex: 13    Spells: 9/9 levels left

rFire   . . .      SeeInvis +    y - +2 scimitar
rCold   . . .      Faith    .    c - +1 buckler
rNeg    + + .      Spirit   .    n - +18 Lear's hauberk
rPois   ∞          Reflect  .    (helmet currently unavailable)
rElec   +          Harm     .    i - +0 cloak
rCorr   .          Rampage  .    (gloves currently unavailable)
Will    .....                    (boots currently unavailable) Stlth
                                 (no amulet)
HPRegen 0.30/turn                x - ring of positive energy
MPRegen 0.14/turn                s - ring of see invisible

@: no status effects
A: sickness immunity, AC +7, negative energy resistance 1, electricity
resistance, torment resistance 1, petrification resistance
a: Renounce Religion, Heroism


You were on level 9 of the Dungeon.
You worshipped Okawaru.
Okawaru was most pleased with you.
You visited 2 branches of the dungeon, and saw 10 of its levels.

You collected 406 gold pieces.

Inventory:

Hand Weapons
 a - a +1 long sword of venom
 y - a +2 scimitar (weapon)
Missiles
 v - a throwing net (quivered)
Armour
 c - a +1 buckler (worn)
 i - a +0 cloak (worn)
 n - the +18 Lear's hauberk (worn)
   (You found it on level 7 of the Dungeon)
 q - a +1 pair of gloves
 u - a +0 plate armour
Jewellery
 b - a ring of fire
 s - a ring of see invisible (right hand)
 w - a ring of flight
 x - a ring of positive energy (left hand)
Wands
 h - a wand of paralysis (10)
 j - a wand of light (11)
 r - a wand of mindburst (15)
Scrolls
 f - 4 scrolls of identify
 k - 2 scrolls of fog
 l - a scroll of poison
 m - 5 scrolls of teleportation
 t - 3 scrolls of enchant armour
 z - a scroll of magic mapping
Potions
 d - a potion of might
 e - 2 potions of lignification
 g - 5 potions of attraction
 o - 3 potions of mutation
 p - 2 potions of brilliance


   Skills:
 + Level 5.8 Fighting
 * Level 5.9 Long Blades
 * Level 7.8 Armour
 + Level 3.3 Dodging
 * Level 7.7 Shields
 * Level 5.4 Invocations
 + Level 3.4 Evocations


You had 9 spell levels left.
You didn't know any spells.
Your spell library contained the following spells:

 Spells                   Type           Power      Damage    Failure   Level
 Magic Dart               Conj           0%         1d3       99%         1
 Slow                     Hex            0%         N/A       99%         1
 Confusing Touch          Hex            0%         N/A       100%        3
 Frozen Ramparts          Ice            0%         1d1       100%        3
 Hailstorm                Conj/Ice       0%         3d3       100%        3
 Mephitic Cloud           Conj/Pois/Air  0%         N/A       100%        3
 Vampiric Draining        Necr           0%         2d6       100%        3
 Lightning Bolt           Conj/Air       0%         1d11      100%        5
 Polar Vortex             Ice            0%         N/A       100%        9
 Call Imp                 Summ           Unusable   N/A       N/A         2

Dungeon Overview and Level Annotations

Branches:
Dungeon (8/15)             Temple (1/1) D:4
   Lair: D:8-11

Altars:
Ashenzari
Cheibriados
Dithmenos
Elyvilon
Gozag
Hepliaklqana
Kikubaaqudgha
Makhleb
Nemelex Xobeh
Okawaru
Qazlal
Sif Muna
Trog
Uskayaw
Vehumet
Wu Jian
Xom
Yredelemnul
The Shining One

Shops:
D:3 ?   D:8 :

Annotations:
D:3 1 runed translucent door, Darkkill's ghost, amateur MiHu
D:9 Grum


Innate Abilities, Weirdness & Mutations

You are immune to sickness and miasma.
Your stone body is resilient. (AC +7)
You are immune to poison.
You resist negative energy. (rN+)
You are resistant to electric shocks. (rElec)
You are resistant to unholy torment.
You are immune to petrification.


Message History

You kill the wolf!
Okawaru accepts your kill. The wolf bites you.
* * * LOW HITPOINT WARNING * * *
The kobold throws a stone.
The stone closely misses you. Grum hits you but does no damage.
You block the wolf's attack. The wolf bites you but does no damage.
The kobold hits you but does no damage. Grum closely misses you.
You block the wolf's attack.
You see here a wolf corpse.
You slash Grum!
Grum is moderately wounded.
You block the wolf's attack. You block the kobold's attack.
Grum closely misses you. The wolf bites you but does no damage.
Grum hits you with a +0 spear.
* * * LOW HITPOINT WARNING * * *
You block the kobold's attack.
You feel better. You block the wolf's attack. You block the kobold's attack.
Grum zaps a wand.
The bolt of light hits you.
You are confused.
* * * LOW HITPOINT WARNING * * *
You feel better.
The wolf bites you but does no damage. x2
You block the kobold's attack. Grum hits you but does no damage.
Aiming: Bolt of Light
Press: ? - help, Shift-Dir - straight line, f - Grum
Aim: Grum, wielding a +0 spear, wearing a +0 animal skin and carrying a wand of light (3) (moderately wounded, 77% to hit)
The bolt of light hits Grum!!
Grum is severely wounded.
Grum is blinded.
The wolf bites you but does no damage. The wolf bites you.
* * * LOW HITPOINT WARNING * * *
The kobold hits you but does no damage. You block Grum's attack.
You hit Grum.
Grum is almost dead.
The wolf barely misses you. The kobold barely misses you.
You block the wolf's attack. Grum barely misses you.
You hit Grum.
Grum is almost dead.
The wolf barely misses you. The kobold closely misses you.
A wight comes into view. It is wielding a +0 war axe.
Grum zaps a wand.
The bolt of light hits you!!
You die...

....# ..... .... #y.# .
#..# .. #..#
...################..#####
........Kh................
..z.....g@.(..............
#####.)############......
#..# ..#### #..# ..# ....
..# ..... ... ....... ....
########


You could see Grum (blind), a wolf, a wight (wandering) and a kobold.

Vanquished Creatures
  A cyclops (D:9)
  Joseph (D:7)
  Prince Ribbit (D:5)
  Sigmund (D:5)
  Eustachio (D:4)
  A steam dragon (D:6)
  Edmund (D:5)
  An orc warrior (D:5)
  An ice beast (D:7)
  2 wolves (D:9)
  A centaur (D:7)
  5 kobold brigands
  4 bullfrogs
  4 scorpions
  8 wights (D:8)
  A killer bee (D:9)
  A jelly (D:6)
  An orc priest (D:6)
  A hound (D:4)
  Crazy Yiuf (D:7)
  5 iguanas
  Ijyb (D:3)
  3 orc wizards
  5 adders
  An ufetubus (D:6)
  4 worms
  2 dart slugs
  20 orcs
  14 bats
  4 endoplasms
  2 giant cockroaches
  10 hobgoblins
  23 kobolds
  3 quokkas
  3 ball pythons
  5 frilled lizards
  8 goblins
  11 rats
162 creatures vanquished.

Notes
Turn   | Place    | Note
-------+----------+-------------------------------------------
     0 | D:1      | timneilson the Gargoyle Fighter began the quest for the
                  | Orb.
     0 | D:1      | Reached XP level 1. HP: 14/14 MP: 1/1
   159 | D:1      | Reached XP level 2. HP: 19/19 MP: 2/2
   836 | D:2      | Reached XP level 3. HP: 23/23 MP: 3/3
  1546 | D:3      | HP: 1/23 [iguana (3)]
  1553 | D:3      | Reached XP level 4. HP: 28/28 MP: 4/4
  1640 | D:3      | Found a stormy altar of Qazlal.
  1641 | D:3      | Found an opulent altar of Gozag.
  1729 | D:3      | Noticed a kobold brigand
  1729 | D:3      | Noticed a kobold brigand
  1739 | D:3      | Killed a kobold brigand
  1740 | D:3      | Reached skill level 1 in Dodging
  1740 | D:3      | Reached XP level 5. HP: 20/33 MP: 5/5
  1996 | D:3      | Got Sif Muna's Meditations on Stormy Freezing
  2027 | D:3      | Found a runed translucent door.
  2027 | D:3      | Noticed Darkkill's ghost (amateur MiHu)
  2039 | D:3      | Noticed Ijyb
  2054 | D:3      | Paralysed by Ijyb for 4 turns
  2059 | D:3      | Killed Ijyb
  2073 | D:3      | Found Tupuicw's Magic Scroll Shop.
  2426 | D:4      | Reached XP level 6. HP: 36/38 MP: 6/6
  2441 | D:4      | Found a staircase to the Ecumenical Temple.
  2445 | D:4      | Noticed Eustachio
  2450 | Temple   | Entered the Ecumenical Temple
  2618 | D:4      | Killed Eustachio
  2619 | D:4      | Reached skill level 5 in Armour
  2730 | D:4      | Reached XP level 7. HP: 38/43 MP: 7/7
  2781 | D:4      | Reached skill level 5 in Shields
  2781 | D:4      | Reached skill level 1 in Evocations
  2861 | D:4      | Found an ancient bone altar of Kikubaaqudgha.
  2991 | D:4      | Found an iron altar of Okawaru.
  3000 | D:4      | Became a worshipper of Warmaster Okawaru
  3015 | D:4      | Identified the +8 flail "Sevat" {holy, rF- rC+++ Dex-4
                  | Stlth+}
  3357 | D:5      | Entered Level 5 of the Dungeon
  3358 | D:5      | Noticed Sigmund
  3366 | D:5      | Killed Sigmund
  3367 | D:5      | Reached skill level 1 in Invocations
  3492 | D:5      | Noticed Edmund
  3532 | D:5      | Killed Edmund
  3533 | D:5      | Reached XP level 8. HP: 38/48 MP: 9/9
  3652 | D:5      | Noticed Prince Ribbit
  3683 | D:5      | Reached * piety under Okawaru
  3702 | D:5      | Killed Prince Ribbit
  4074 | D:6      | Found a white marble altar of Elyvilon.
  4237 | D:6      | Found a shadowy altar of Dithmenos.
  4508 | D:6      | Reached skill level 5 in Fighting
  4508 | D:6      | Reached XP level 9. HP: 11/54 MP: 11/11
  4992 | D:7      | Reached ** piety under Okawaru
  4993 | D:7      | Reached skill level 5 in Long Blades
  5232 | D:7      | Noticed Joseph
  5266 | D:7      | Killed Joseph
  5439 | D:7      | Found a runed translucent door.
  5440 | D:7      | Noticed Crazy Yiuf
  5445 | D:7      | Killed Crazy Yiuf
  5683 | D:7      | Found the +18 Lear's hauberk
  6285 | D:8      | Found Qimifics's Self-Improvement Boutique.
  6407 | D:8      | You fall into a shaft and drop 1 floor!
  6424 | D:9      | Reached skill level 5 in Invocations
  6432 | D:9      | Noticed Grum
  6439 | D:9      | Noticed a cyclops
  6459 | D:9      | Killed a cyclops
  6459 | D:9      | Reached *** piety under Okawaru
  6460 | D:9      | Reached XP level 10. HP: 29/60 MP: 12/14
  6471 | D:9      | Killed from afar by Grum

Illustrated notes

Levels and vault maps discovered:
D:1:      eino_arrival_druids_welcome, layout_basic
D:2:      layout_loops_ring
D:3:      cheibrodos_thug_alley, layout_rooms, gammafunk_temple_overflow_statue,
          hellmonk_ghost_happy_afterlife, serial_shops, shop, uniq_ijyb
D:4:      layout_loops_ring, kiku_gazebo_pond_becter,
          mainiacjoe_overflow_small_starburst, minmay_temple_entry_tees,
          mrwooster_statue_mirror, uniq_eustachio
D:5:      layout_rooms, uniq_edmund, uniq_prince_ribbit1, uniq_sigmund
D:6:      layout_cave_pools, nicolae_dithmenos_shadow_blocks, elyvilon_altar_3,
          serial_rivers, chequers_serial_rivers_micro_b,
          chequers_serial_rivers_micro_d, chequers_serial_rivers_large_a,
          chequers_serial_rivers_micro_c, chequers_serial_rivers_micro_c,
          chequers_serial_rivers_micro_e
D:7:      layout_basic, roderic_batcave, serial_bayou_pond_d, uniq_joseph,
          uniq_crazy_yiuf_cottage
D:8:      layout_loops_ring, kennysheep_mini, zin_scriptorium,
          nicolae_shop_self_help
D:9:      layout_long_grid, dreamdust_gnoll_shepherd, uniq_grum, uniq_erolcha,
          uniq_psyche
Temple:   hellmonk_temple_forest_ring

Skill      XL: |  1  2  3  4  5  6  7  8  9 |
---------------+----------------------------+-----
Long Blades    | 2 3 4 5 |  5.9
Armour         | 4 5 6 7 |  7.8
Shields        | 4 5 6 7 |  7.7
Dodging        | 1 2 3 |  3.3
Fighting       | 4 5 |  5.8
Evocations     | 1 2 3 |  3.4
Invocations    | 1 3 5 |  5.4

Action                     |  1- 3 |  4- 6 |  7- 9 | 10-12 || total
---------------------------+-------+-------+-------+-------++-------
  Melee: Long sword        |   140 |   148 |   390 |       ||   678
         Scimitar          |       |       |   118 |     8 ||   126
 Invoke: Heroism           |       |       |     1 |       ||     1
  Evoke: Wand              |       |     1 |       |     1 ||     2
    Use: Scroll            |    10 |     2 |     8 |       ||    20
         Potion            |     1 |     1 |     8 |     2 ||    12
   Stab: Paralysed         |       |     5 |       |       ||     5
 Armour: Scale mail        |    70 |    74 |       |       ||   144
         Chain mail        |       |    23 |   383 |    19 ||   425
  Dodge: Dodged            |    58 |    64 |   221 |    10 ||   353
  Block: Buckler           |    33 |    51 |   189 |    13 ||   286

Table legend: (Time is in decaauts)
 A = Elapsed time spent in this place.
 B = Non-inter-level travel time spent in this place.
 C = Inter-level travel time spent in this place.
 D = Time resting spent in this place.
 E = Time spent auto-exploring this place.
 F = Levels seen in this place.
 G = Mean time per level.
                   A        B        C        D        E       F      G
               +--------+--------+--------+--------+--------+-----+--------+
         Total |   6647 |   6468 |    179 |    141 |   4425 |  10 |  664.7 |
       Dungeon |   6510 |   6337 |    173 |    141 |   4305 |   9 |  723.3 |
        Temple |    136 |    130 |      6 |      0 |    120 |   1 |  136.0 |
               +--------+--------+--------+--------+--------+-----+--------+

Top non-repeatable levels by time:
     D:7: 1048 daAuts
     D:4: 928 daAuts
     D:6: 830 daAuts
     D:1: 824 daAuts
     D:3: 818 daAuts
     D:2: 756 daAuts
     D:5: 672 daAuts
     D:8: 567 daAuts
  Temple: 136 daAuts
     D:9: 65 daAuts
